 Dungeon Crawl Stone Soup version 0.29.0-13-gc9e81de378 (webtiles) character file.

Game seed: 8381202338186055909

1148 Sabo the Cutter (level 8, -5/55 HPs)
             Began as a Minotaur Air Elementalist on Sept 7, 2022.
             Was a Believer of Hepliaklqana.
             Slain by a sky beast (6 damage)
             ... on level 6 of the Dungeon.
             The game lasted 00:33:54 (5736 turns).

Sabo the Cutter (Minotaur Air Elementalist)         Turns: 5736, Time: 00:33:55

Health: -5/55      AC:  9    Str: 13    XL:     8   Next: 15%
Magic:  3/11       EV: 13    Int: 14    God:    Hepliaklqana [**....]
Gold:   214        SH:  0    Dex: 11    Spells: 12/13 levels left

rFire   . . .      SeeInvis .   e - +7 quick blade
rCold   . . .      Faith    .   (no shield)
rNeg    . . .      Spirit   .   y - +2 robe {Will+}
rPois   .          Reflect  .   (helmet restricted)
rElec   .          Harm     .   k - +0 cloak
rCorr   .          Rampage  +   i - +1 pair of gloves
Will    +....                   j - +1 pair of boots {rampage}
Stlth   ++........              (no amulet)
HPRegen 0.18/turn               (no ring)
MPRegen 0.12/turn               (no ring)

@: no status effects
A: reduced essence, horns 2, retaliatory headbutt
a: Renounce Religion, Recall Ancestor, Ancestor Identity


You were on level 6 of the Dungeon.
You worshipped Hepliaklqana.
Hepliaklqana was pleased with you.
You visited 1 branch of the dungeon, and saw 8 of its levels.

You collected 214 gold pieces.

Inventory:

Hand Weapons
 e - a +7 quick blade (weapon)
 l - a +3 quarterstaff of chaos
 q - a +2 short sword of draining
 r - a +0 sling
 t - a +0 war axe
 v - a +1 whip of electrocution
 x - a +2 dagger of draining
Missiles
 g - 3 javelins (quivered)
 h - 8 poisoned darts
Armour
 i - a +1 pair of gloves (worn)
 j - a +1 pair of boots of rampaging (worn)
 k - a +0 cloak (worn)
 u - +0 steam dragon scales
 y - a +2 robe of willpower (worn)
Scrolls
 m - a scroll of poison
 p - a scroll of fog
 s - a scroll of magic mapping
Potions
 a - a potion of ambrosia {unknown}
 b - 3 potions of magic
 c - a potion of resistance {unknown}
 d - 3 potions of mutation {unknown}
 f - a potion of brilliance {unknown}
 n - a potion of berserk rage {unknown}
 o - 4 potions of heal wounds {unknown}
 w - 2 potions of flight {unknown}


   Skills:
 + Level 2.6 Fighting
 + Level 4.2 Short Blades
 + Level 1.0(3.1) Long Blades
 + Level 0.3 Throwing
 + Level 4.1 Dodging
 + Level 3.1 Stealth
 + Level 1.4 Unarmed Combat
 + Level 3.3 Spellcasting
 + Level 2.5 Conjurations
 + Level 3.6 Air Magic


You had 12 spell levels left.
You knew the following spells:

 Your Spells              Type           Power      Damage    Failure   Level
a - Shock                 Conj/Air       40%        1d5       6%          1

Your spell library contained the following spells:

 Spells                   Type           Power      Damage    Failure   Level
 Static Discharge         Conj/Air       10%        3-5/arc   9%          2
 Swiftness                Air            12%        N/A       14%         3
 Poisonous Vapours        Pois/Air       14%        N/A       16%         2
 Sting                    Tmut/Pois      8%         1d3       22%         1
 Sublimation of Blood     Necr           2%         N/A       32%         2
 Wereblood                Tmut           2%         N/A       32%         2
 Airstrike                Air            6%         2d(1-17)  43%         4
 Olgreb's Toxic Radiance  Pois           2%         N/A       91%         4
 Ozocubu's Refrigeration  Ice            1%         4d7       100%        7
 Summon Hydra             Summ           1%         N/A       100%        7
 Ignition                 Fire           1%         3d3       100%        8


Dungeon Overview and Level Annotations

Branches:
Dungeon (8/15)
 Temple: D:4-7         Lair: D:8-11

Altars:
Dithmenos
Hepliaklqana
Kikubaaqudgha
Makhleb
Okawaru
Ru

Shops:
D:2 [


Innate Abilities, Weirdness & Mutations

Your life essence is reduced to manifest your ancestor. (-10% HP)
You have a pair of horns on your head.
You reflexively headbutt those who attack you in melee.


Message History

The orc barely misses you. You furiously retaliate!
You headbutt the orc!
You kill the orc!
Casting: Shock (safe; 6% risk of failure)
Confirm with . or Enter, or press ? or * to list all spells.
Aiming: Shock (safe; 6% risk of failure)
Press: ? - help, Shift-Dir - straight line, f/p - hound
Aim: a hound (moderately wounded, 56% to hit)
The zap hits the hound.
The hound is moderately wounded.
The zap hits the iguana.
The iguana is heavily wounded.
The zap hits the iguana.
The iguana is heavily wounded.
The hound bites you but does no damage. The adder barely misses you.
Casting: Shock (safe; 6% risk of failure)
Confirm with . or Enter, or press ? or * to list all spells.
Aiming: Shock (safe; 6% risk of failure)
Press: ? - help, Shift-Dir - straight line, f/p - hound
Aim: a hound (moderately wounded, 56% to hit)
The zap hits the hound.
The hound is moderately wounded.
The zap hits the iguana.
The iguana is severely wounded.
The zap hits the iguana.
The iguana is severely wounded.
The hound bites you.
* * * LOW HITPOINT WARNING * * *
The adder closely misses you. The hound misses you.
Something hits you but does no damage.
You hit the adder.
The adder is moderately wounded.
The adder closely misses you. You furiously retaliate!
You headbutt the adder, but do no damage.
A scorpion comes into view.
You hit the adder but do no damage.
The adder is moderately wounded.
The hound closely misses you. Something hits you.
* * * LOW HITPOINT WARNING * * *
Something shocks you.
You die...

.... ... ... #.# #.#
#.## ##..# #...#
#@#.## ###soSh##.#
+#.#.hnlK#.#
..#$.hll#.##
#.#!!!).#..#
##.##..$##..###### #
#...#####........#
#.##.##.....##.####.#
#....##........#


You could see a black bear, a kobold brigand, a necrophage, a scorpion, a howler
monkey, 3 iguanas, a hound, an adder and an orc.

Vanquished Creatures
  A troll (D:6)
  A steam dragon (D:6)
  An ogre (D:3)
  3 necrophages
  2 scorpions
  A jelly (D:6)
  An orc priest (D:4)
  Crazy Yiuf (D:4)
  An orc wizard (D:3)
  2 iguanas
  2 adders (D:5)
  A white imp (D:6)
  An ufetubus (D:5)
  2 worms
  A dart slug (D:2)
  9 orcs
  3 ball pythons (D:1)
  8 endoplasms
  11 goblins
  A hobgoblin (D:2)
  2 jackals (D:1)
  3 kobolds (D:3)
  4 bats
  A frilled lizard (D:1)
  A rat (D:1)
64 creatures vanquished.

Vanquished Creatures (collateral kills)
  A howler monkey (D:4)
  3 iguanas
  An orc wizard (D:4)
  An adder (D:5)
  An ufetubus (D:4)
  A worm (D:4)
  5 orcs
  A kobold (D:4)
  A ball python (D:2)
15 creatures vanquished.

Vanquished Creatures (others)
  2 ancestors (D:3)
2 creatures vanquished.

Grand Total: 81 creatures vanquished

Notes
Turn   | Place    | Note
-------+----------+-------------------------------------------
     0 | D:1      | Sabo the Minotaur Air Elementalist began the quest for the
                  | Orb.
     0 | D:1      | Reached XP level 1. HP: 14/14 MP: 1/1
   376 | D:1      | Reached XP level 2. HP: 20/20 MP: 0/3
  1321 | D:1      | Identified a scroll of acquirement
  1324 | D:1      | Acquired a +5 quick blade
  1341 | D:2      | Found Begukhlu's Antique Armour Boutique.
  1370 | D:2      | Found a faded altar of an unknown god.
  1431 | D:2      | Prayed at the altar of an unknown god.
  1431 | D:2      | Became a worshipper of Hepliaklqana the Forgotten
  1431 | D:2      | Reached * piety under Hepliaklqana
  1532 | D:2      | Reached XP level 3. HP: 14/23 MP: 4/4
  1769 | D:2      | Found an ancient bone altar of Kikubaaqudgha.
  2369 | D:3      | Noticed an ogre
  2382 | D:3      | Killed an ogre
  2383 | D:3      | Reached skill level 1 in Unarmed Combat
  2383 | D:3      | Reached skill level 1 in Conjurations
  2383 | D:3      | Reached XP level 4. HP: 4/30 MP: 1/6
  2701 | D:3      | Reached XP level 5. HP: 8/35 MP: 4/7
  3154 | D:3      | Reached skill level 1 in Short Blades
  3154 | D:3      | Reached skill level 1 in Long Blades
  3249 | D:3      | Found a sacrificial altar of Ru.
  3250 | D:3      | Found a shadowy altar of Dithmenos.
  3253 | D:3      | Found a burning altar of Makhleb.
  3254 | D:3      | Found an iron altar of Okawaru.
  3623 | D:4      | Reached ** piety under Hepliaklqana
  3624 | D:4      | Remembered your ancestor Khalidah as a battlemage
  4002 | D:4      | Reached skill level 1 in Fighting
  4002 | D:4      | Reached XP level 6. HP: 17/42 MP: 2/8
  4009 | D:4      | HP: 1/42 [orc/+0 hand axe (4)]
  4676 | D:4      | Found a runed translucent door.
  4677 | D:4      | Noticed Crazy Yiuf
  4687 | D:4      | Killed Crazy Yiuf
  4741 | D:5      | Entered Level 5 of the Dungeon
  4808 | D:5      | Reached XP level 7. HP: 43/46 MP: 6/10
  5329 | D:5      | You fall into a shaft and drop 3 floors!
  5359 | D:6      | Noticed a steam dragon
  5378 | D:6      | HP: 1/47 [steam dragon] (6)]
  5380 | D:6      | Killed a steam dragon
  5706 | D:6      | Noticed a troll
  5731 | D:6      | Killed a troll
  5732 | D:6      | Reached XP level 8. HP: 6/55 MP: 6/11
  5736 | D:6      | HP: 1/55 [something (4)]
  5736 | D:6      | Slain by a sky beast

Illustrated notes

Levels and vault maps discovered:
D:1:      ebering_trefoil_3fold, layout_basic, minmay_unequal
D:2:      layout_loops_ring, serial_shops, nicolae_shop_behind_doors,
          shapermc_ecumenical_altar_mp_highgroup, basic_altar,
          nicolae_elevator_lobby_plus
D:3:      layout_rooms, minitemple
D:4:      layout_basic, uniq_crazy_yiuf_cottage
D:5:      layout_basic, nicolae_yredelemnul_ghost_church
D:6:      layout_loops_cross, minmay_temple_entry_arrows, serial_shops,
          shop_statue, nicolae_shop_bloodbath_and_beyond, shop_coins,
          nicolae_shop_stone, nicolae_shop_crystal, portal_sewer_entry_e,
          minmay_joined_circles
D:7:      layout_loops_ring, chequers_temple_overflow_statue_of_worship,
          dreamdust_princess_bridge, minmay_circle_x
D:8:      layout_loops_corners, nicolae_hepliaklqana_monster_ancestors,
          nicolae_gozag_cash_rules_everything_around_me,
          amethyst_overflow_temple_binary, erik_lair_island,
          amcnicky_mini_rare_corridor_liquid, david_defended_altar_orc,
          uniq_psyche

Skill      XL: |  1  2  3  4  5  6  7 |
---------------+----------------------+-----
Unarmed Combat | 1 |  1.4
Spellcasting   | 2 3 |  3.3
Conjurations   | 1 2 |  2.5
Dodging        | 3 4 |  4.1
Short Blades   | 1 2 4 |  4.2
Long Blades    | 1 |  1.0
Stealth        | 2 3 |  3.1
Fighting       | 1 2 |  2.6
Air Magic      | 3 |  3.6
Throwing       | |  0.3

Action                   |  1- 3 |  4- 6 |  7- 9 || total
-------------------------+-------+-------+-------++-------
Melee: Unarmed           |    10 |       |       ||    10
       Headbutt          |     3 |     9 |    10 ||    22
       Long sword        |    10 |       |       ||    10
       Quick blade       |     9 |    53 |    66 ||   128
Throw: Javelin           |     3 |       |       ||     3
 Cast: Shock             |    32 |    41 |    18 ||    91
Invok: Ancestor Life: Ba |       |     1 |       ||     1
       Ancestor Identity |       |     1 |       ||     1
  Use: Scroll            |     5 |     5 |     2 ||    12
 Stab: Sleeping          |     1 |     1 |       ||     2
Armor: Robe              |     3 |    25 |    28 ||    56
Dodge: Dodged            |    17 |    31 |    34 ||    82
